Flyers vs Sabres
(R1)
Created - December 30, 2018 at 19:17
Goals
|
| Flyers |
1 |
2 |
1 |
4 |
| Sabres |
0 |
1 |
1 |
2 |
|
Shots
|
| Flyers |
10 |
8 |
15 |
33 |
| Sabres |
3 |
16 |
13 |
32 |
|
1st period
1. Flyers , Drew Miller 16 (Jeff Carter 27) at 15:58 (PP)
Penalties :
Darren Reid (Buf) for Holding (Minor) at 15:56
2nd period
2. Sabres , Brandon Sutter 5 (Zach Bogosian 13, Ilya Kovalchuk 16) at 3:24
3. Flyers , Marcus Kruger 3 (Dany Heatley 3) at 13:12
4. Flyers , Mats Zuccarello 8 (Kyle Wellwood 25) at 15:58
Penalties :
Ilya Kovalchuk (Buf) for High sticking (Minor) at 6:24, Darcy Hordichuk (Buf) for Interference (Minor) at 10:28, Jakub Voracek (Phi) for Kneeing (Minor) at 16:38
3rd period
5. Sabres , Zack Kassian 13 (Rob Scuderi 11, Ryan O'Reilly 19) at 2:40
6. Flyers , Drew Miller 17 (Jakub Voracek 25, Jeff Carter 28) at 7:18 (PP)
Penalties :
Kurtis Foster (Buf) for Holding (Minor) at 7:03, Drew Miller (Phi) for Holding Stick (Minor) at 14:30
Goalie Stats
Cory Schneider (Phi), 30 saves from 32 shots - (0.938), W, 15-1-1, 60:00 minutes
Robin Lehner (Buf), 29 saves from 33 shots - (0.879), L, 14-8-3, 60:00 minutes
Players Stats for Flyers
Player Name G A P +/- PIM S H SB GA TA FO MP PP MP PK MP
------------------------------------------------------------------------------------
Brian McGrattan 0 0 0 0 0 1 0 1 0 0 0/0 8:02 0:00 0:00
Chris Mcallister 0 0 0 0 0 1 0 0 0 0 0/0 10:52 0:00 1:49
Cody Eakin 0 0 0 0 0 0 0 0 0 0 3/5 9:09 0:00 0:08
Dany Heatley 0 1 1 1 0 1 1 0 0 0 0/0 11:49 0:00 0:08
Drew Miller 2 0 2 -2 2 3 2 0 0 0 1/2 21:01 2:15 0:00
J.T. Miller 0 0 0 1 0 1 2 0 0 0 2/2 17:42 2:00 2:01
Jakub Voracek 0 1 1 -2 2 6 1 0 0 0 1/4 20:38 2:15 0:00
Jaromir Jagr 0 0 0 1 0 1 0 0 1 0 0/0 11:31 0:00 0:00
Jeff Carter 0 2 2 -2 0 3 1 2 0 0 19/37 22:21 2:15 1:49
Jeff Woywitka 0 0 0 -1 0 2 1 1 0 2 0/0 23:56 2:14 2:08
Jonathan Ericsson 0 0 0 2 0 2 1 0 1 0 0/0 19:56 2:14 2:08
Kyle Wellwood 0 1 1 1 0 0 1 1 0 1 7/12 17:22 2:00 2:01
Marcus Kruger 1 0 1 1 0 3 0 0 0 0 4/6 11:31 0:00 0:00
Mats Zuccarello 1 0 1 1 0 3 1 0 2 0 0/0 15:37 2:00 0:00
Matt Smaby 0 0 0 -1 0 1 1 1 0 0 0/0 20:08 2:01 1:50
Nathan Beaulieu 0 0 0 -1 0 1 0 1 0 0 0/0 14:28 0:00 0:00
Oliver Ekman-Larsson 0 0 0 2 0 1 1 0 0 0 0/0 23:40 2:01 1:50
Victor Bartley 0 0 0 -1 0 3 2 1 0 0 0/0 16:17 0:00 0:00
Players Stats for Sabres
Player Name G A P +/- PIM S H SB GA TA FO MP PP MP PK MP
------------------------------------------------------------------------------------
Andrei Loktionov 0 0 0 0 0 0 1 0 1 0 2/6 11:53 2:04 0:00
Brad Richardson 0 0 0 0 0 3 1 0 0 0 0/0 11:00 0:01 0:28
Brandon Sutter 1 0 1 1 0 4 1 1 0 1 15/34 21:03 0:00 2:14
Darcy Hordichuk 0 0 0 -1 2 0 0 0 0 1 0/0 9:22 0:00 0:00
Darren Reid 0 0 0 -1 2 0 1 0 0 1 0/0 11:52 0:00 2:14
Evander Kane 0 0 0 0 0 3 0 0 0 0 0/0 17:22 2:04 0:39
Ilya Kovalchuk 0 1 1 1 2 5 2 1 0 1 1/2 21:14 1:53 1:00
Jared Cowen 0 0 0 0 0 1 0 3 0 0 0/0 20:35 2:03 2:14
Kurtis Foster 0 0 0 0 2 1 0 1 0 0 0/0 15:52 0:00 0:00
Kyle Okposo 0 0 0 1 0 2 4 1 0 0 2/2 20:26 2:01 0:00
Mathew Dumba 0 0 0 -2 0 0 4 1 0 0 0/0 17:56 1:55 2:01
Matt Martin 0 0 0 0 0 1 1 0 0 0 0/0 9:18 0:04 0:00
Michael Kostka 0 0 0 -1 0 0 0 0 1 0 0/0 14:06 2:03 2:01
Rob Scuderi 0 1 1 1 0 1 1 2 0 0 0/0 24:35 0:00 0:00
Ryan O'Reilly 0 1 1 0 0 2 0 0 0 0 9/17 16:31 1:54 0:00
Vincent Lecavalier 0 0 0 -1 0 1 0 0 0 0 2/5 10:23 0:00 1:55
Zach Bogosian 0 1 1 2 0 2 0 4 0 0 0/0 26:07 1:55 2:14
Zack Kassian 1 0 1 0 0 6 5 0 1 0 0/2 16:06 1:53 0:00
3 Stars
1 - Mats Zuccarello (Phi)
2 - Drew Miller (Phi)
3 - Marcus Kruger (Phi)
Power Play
Flyers - 2 on 4 Attempt(s) - 50.00%
Sabres - 0 on 2 Attempt(s) - 0.00%
Penalty Kill
Flyers - 2 on 2 Attempt(s) - 100.00%
- Score 0 goal in Penalty Kill
Sabres - 2 on 4 Attempt(s) - 50.00%
- Score 0 goal in Penalty Kill
Team Stat
Flyers - Hits : 15 - Faceoff Wins : 37 - Blocked Shots : 8 - Penalty Minutes : 4
Sabres - Hits : 21 - Faceoff Wins : 31 - Blocked Shots : 14 - Penalty Minutes : 8
Official
Referees : Unknown
Linesman : Unknown
Game Notes
No Game Note
Finance
Level 1 -- Attendance: 5842 (97.37%) -- Ticket Income $508,254
Level 2 -- Attendance: 4845 (96.90%) -- Ticket Income $266,475
Level 3 -- Attendance: 2000 (100.00%) -- Ticket Income $58,000
Level 4 -- Attendance: 4000 (100.00%) -- Ticket Income $92,000
Luxury Box -- Attendance: 944 (94.40%) -- Ticket Income $140,656
Game was played at the Duff Garden.
Total Attendance: 17631 (97.95%)
Total Ticket Income: $1,065,385
Other Income: $159,808
Total Income: $1,225,193
Flyers
5 vs 5 Forward
Center Left Wing Right Wing Time % Phy DF OF
1 Jeff Carter Drew Miller Jakub Voracek 40 0 1 4
2 Kyle Wellwood J.T. Miller Mats Zuccarello 30 0 1 4
3 Marcus Kruger Dany Heatley Jaromir Jagr 20 0 1 4
4 Cody Eakin Chris Mcallister Brian McGrattan 10 0 4 1
5 vs 5 Defense
Defense Defense Time % Phy DF OF
1 Oliver Ekman-Larsson Jonathan Ericsson 30 1 3 1
2 Jeff Woywitka Nathan Beaulieu 30 1 3 1
3 Victor Bartley Matt Smaby 30 1 3 1
4 Oliver Ekman-Larsson Jeff Woywitka 10 1 3 1
PowerPlay Forward
Center Left Wing Right Wing Time % Phy DF OF
1 Jeff Carter Drew Miller Jakub Voracek 50 0 1 4
2 Kyle Wellwood J.T. Miller Mats Zuccarello 50 0 1 4
PowerPlay Defense
Defense Defense Time % Phy DF OF
1 Oliver Ekman-Larsson Matt Smaby 50 0 2 3
2 Jonathan Ericsson Jeff Woywitka 50 0 2 3
Penalty Kill 4 Players Forward
Center Wing Time % Phy DF OF
1 Jeff Carter Chris Mcallister 50 0 4 1
2 Kyle Wellwood J.T. Miller 50 0 4 1
Penalty Kill 4 Players Defense
Defense Defense Time % Phy DF OF
1 Oliver Ekman-Larsson Matt Smaby 50 1 4 0
2 Jeff Woywitka Jonathan Ericsson 50 1 4 0
Penalty Kill - 3 Players Forward
Forward Time % Phy DF OF
1 Jeff Carter 50 0 4 1
2 Kyle Wellwood 50 0 4 1
Penalty Kill - 3 Players Defense
Defense Defense Time % Phy DF OF
1 Oliver Ekman-Larsson Matt Smaby 50 1 4 0
2 Jeff Woywitka Jonathan Ericsson 50 1 4 0
4 vs 4 Forward
Center Wing Time % Phy DF OF
1 Jeff Carter Jakub Voracek 50 0 2 3
2 Kyle Wellwood J.T. Miller 50 0 2 3
4 vs 4 Defense
Defense Defense Time % Phy DF OF
1 Oliver Ekman-Larsson Matt Smaby 50 1 3 1
2 Jeff Woywitka Jonathan Ericsson 50 1 3 1
Last Minutes Offensive
Center Left Wing Right Wing Defense Defense
Jeff Carter Drew Miller Jakub Voracek Oliver Ekman-Larsson Jeff Woywitka
Last Minutes Defensive
Center Left Wing Right Wing Defense Defense
Kyle Wellwood Chris Mcallister Brian McGrattan Oliver Ekman-Larsson Jeff Woywitka
Goaltenders
Starting : Cory Schneider
Backup : Steve Mason
Extra Forwards
Normal : Jeff Carter, Kyle Wellwood, Drew Miller - PP : Jeff Carter, Kyle Wellwood - PK : Chris Mcallister
Extra Defensemen
Normal : Oliver Ekman-Larsson, Jeff Woywitka, Jonathan Ericsson - PP : Oliver Ekman-Larsson - PK : Oliver Ekman-Larsson, Jeff Woywitka
Penalty Shots
Jeff Carter, Dany Heatley, Kyle Wellwood, Jaromir Jagr, J.T. Miller
Scratches
Matthew Lombardi (Torn Left Knee Ligaments Injury)
Sabres
5 vs 5 Forward
Center Left Wing Right Wing Time % Phy DF OF
1 Brandon Sutter Ilya Kovalchuk Kyle Okposo 39 0 3 2
2 Ryan O'Reilly Evander Kane Zack Kassian 31 1 1 3
3 Andrei Loktionov Matt Martin Brad Richardson 17 0 2 3
4 Vincent Lecavalier Darcy Hordichuk Darren Reid 13 0 2 3
5 vs 5 Defense
Defense Defense Time % Phy DF OF
1 Rob Scuderi Zach Bogosian 40 0 4 1
2 Kurtis Foster Jared Cowen 30 0 4 1
3 Michael Kostka Mathew Dumba 20 0 5 0
4 Rob Scuderi Mathew Dumba 10 0 5 0
PowerPlay Forward
Center Left Wing Right Wing Time % Phy DF OF
1 Andrei Loktionov Evander Kane Kyle Okposo 50 0 0 5
2 Ryan O'Reilly Ilya Kovalchuk Zack Kassian 50 1 0 4
PowerPlay Defense
Defense Defense Time % Phy DF OF
1 Zach Bogosian Mathew Dumba 50 0 1 4
2 Michael Kostka Jared Cowen 50 0 1 4
Penalty Kill 4 Players Forward
Center Wing Time % Phy DF OF
1 Brandon Sutter Darren Reid 50 1 4 0
2 Vincent Lecavalier Ilya Kovalchuk 50 1 4 0
Penalty Kill 4 Players Defense
Defense Defense Time % Phy DF OF
1 Jared Cowen Zach Bogosian 50 1 4 0
2 Mathew Dumba Michael Kostka 50 1 4 0
Penalty Kill - 3 Players Forward
Forward Time % Phy DF OF
1 Brandon Sutter 60 0 5 0
2 Zack Kassian 40 0 5 0
Penalty Kill - 3 Players Defense
Defense Defense Time % Phy DF OF
1 Rob Scuderi Jared Cowen 60 0 5 0
2 Mathew Dumba Zach Bogosian 40 0 5 0
4 vs 4 Forward
Center Wing Time % Phy DF OF
1 Vincent Lecavalier Kyle Okposo 50 0 2 3
2 Ryan O'Reilly Zack Kassian 50 0 1 4
4 vs 4 Defense
Defense Defense Time % Phy DF OF
1 Michael Kostka Jared Cowen 50 0 4 1
2 Mathew Dumba Rob Scuderi 50 0 4 1
Last Minutes Offensive
Center Left Wing Right Wing Defense Defense
Ryan O'Reilly Evander Kane Kyle Okposo Zach Bogosian Jared Cowen
Last Minutes Defensive
Center Left Wing Right Wing Defense Defense
Brandon Sutter Evander Kane Zack Kassian Zach Bogosian Jared Cowen
Goaltenders
Starting : Robin Lehner
Backup : Jonas Hiller
Extra Forwards
Normal : Brandon Sutter, Ryan O'Reilly, Brad Richardson - PP : Matt Martin, Ryan O'Reilly - PK : Brad Richardson
Extra Defensemen
Normal : Zach Bogosian, Jared Cowen, Mathew Dumba - PP : Zach Bogosian - PK : Rob Scuderi, Jared Cowen
Penalty Shots
Evander Kane, Vincent Lecavalier, Ryan O'Reilly, Andrei Loktionov, Kyle Okposo
Scratches
Jakub Kindl (Healthy), Nathan Paetsch (Healthy), Scottie Upshall (Healthy), Andrew MacDonald (Healthy)
% Time on Ice - Flyers
Lines # - Real PCT - Wanted PCT - Time Play
Normal Forward
1 - 36% - 40% - 18:41
2 - 27% - 30% - 14:00
3 - 22% - 20% - 11:31
4 - 15% - 10% - 7:35
Normal Defense
1 - 29% - 30% - 15:15
2 - 31% - 30% - 15:50
3 - 31% - 30% - 15:52
4 - 9% - 10% - 4:50
PP Forward
1 - 53% - 50% - 2:15
2 - 47% - 50% - 2:00
PP Defense
1 - 47% - 50% - 2:01
2 - 53% - 50% - 2:14
PK Forward
1 - 49% - 50% - 1:57
2 - 51% - 50% - 2:01
PK Defense
1 - 46% - 50% - 1:50
2 - 54% - 50% - 2:08
PK3 Forward
1 - 0% - 50%
2 - 0% - 50%
PK3 Defense
1 - 0% - 50%
2 - 0% - 50%
44 Forward
1 - 0% - 50%
2 - 0% - 50%
44 Defense
1 - 0% - 50%
2 - 0% - 50%
Last Minute Offensive - 0:00
Last Minute Defensive - 0:00
Total
Forward - 60:00
Defense - 60:00
|
% Time on Ice - Sabres
Lines # - Real PCT - Wanted PCT - Time Play
Normal Forward
1 - 37% - 39% - 18:58
2 - 30% - 31% - 15:19
3 - 17% - 17% - 9:02
4 - 16% - 13% - 8:28
Normal Defense
1 - 42% - 40% - 21:44
2 - 31% - 30% - 16:12
3 - 19% - 20% - 9:43
4 - 8% - 10% - 4:08
PP Forward
1 - 52% - 50% - 2:04
2 - 48% - 50% - 1:54
PP Defense
1 - 48% - 50% - 1:55
2 - 52% - 50% - 2:03
PK Forward
1 - 53% - 50% - 2:14
2 - 47% - 50% - 2:01
PK Defense
1 - 53% - 50% - 2:14
2 - 47% - 50% - 2:01
PK3 Forward
1 - 0% - 60%
2 - 0% - 40%
PK3 Defense
1 - 0% - 60%
2 - 0% - 40%
44 Forward
1 - 0% - 50%
2 - 0% - 50%
44 Defense
1 - 0% - 50%
2 - 0% - 50%
Last Minute Offensive - 0:00
Last Minute Defensive - 0:00
Total
Forward - 60:00
Defense - 60:00
|
Play by Play
1st period
0:01 of 1st period - Jeff Carter wins face-off versus Brandon Sutter in neutral zone.
0:06 of 1st period - Zach Bogosian is hit by Drew Miller and loses puck.
0:35 of 1st period - Snap shot by Mats Zuccarello.
0:35 of 1st period - Stopped by Robin Lehner with a rebound.
1:20 of 1st period - Snap shot by Brian McGrattan.
1:20 of 1st period - Shot Blocked by Jared Cowen.
1:32 of 1st period - Kyle Okposo is hit by Jakub Voracek and loses puck.
1:59 of 1st period - Wrist shot by Mats Zuccarello.
1:59 of 1st period - Stopped by Robin Lehner with a rebound.
2:01 of 1st period - Backhand shot by Jeff Woywitka.
2:01 of 1st period - Stopped by Robin Lehner without a rebound.
2:02 of 1st period - Brandon Sutter wins face-off versus Marcus Kruger in Sabres zone.
2:10 of 1st period - Icing by Rob Scuderi.
2:11 of 1st period - Marcus Kruger wins face-off versus Brandon Sutter in Sabres zone.
2:52 of 1st period - Snap shot by Kyle Okposo.
2:52 of 1st period - Stopped by Cory Schneider with a rebound.
3:42 of 1st period - Rob Scuderi is hit by Victor Bartley and loses puck.
4:49 of 1st period - Slapshot by Jaromir Jagr.
4:49 of 1st period - Stopped by Robin Lehner without a rebound.
4:50 of 1st period - Jeff Carter wins face-off versus Zack Kassian in Sabres zone.
5:01 of 1st period - Jeff Woywitka is hit by Zack Kassian.
7:03 of 1st period - Snap shot by Kyle Wellwood.
7:03 of 1st period - Shot Blocked by Mathew Dumba.
7:30 of 1st period - Mathew Dumba is hit by Jeff Carter.
9:12 of 1st period - Brad Richardson is hit by Kyle Wellwood and loses puck.
10:55 of 1st period - Kurtis Foster is hit by Oliver Ekman-Larsson and loses puck.
13:27 of 1st period - Jeff Carter is hit by Rob Scuderi and loses puck.
15:56 of 1st period - Minor Penalty to Darren Reid for Holding.
15:57 of 1st period - Jeff Carter wins face-off versus Vincent Lecavalier in Sabres zone.
15:58 of 1st period - Wrist shot by Drew Miller.
15:58 of 1st period - Goal by Drew Miller - Flyers : 1 - Sabres : 0.
15:59 of 1st period - Brandon Sutter wins face-off versus Jeff Carter in neutral zone.
16:32 of 1st period - Wrist shot by Evander Kane.
16:32 of 1st period - Deflect By Zack Kassian.
16:32 of 1st period - Shot Blocked by Jeff Woywitka.
16:32 of 1st period - Puck is out of play.
16:33 of 1st period - Kyle Wellwood wins face-off versus Ryan O'Reilly in Flyers zone.
16:33 of 1st period - Oliver Ekman-Larsson is hit by Zack Kassian and loses puck.
16:44 of 1st period - Snap shot by Kyle Wellwood.
16:44 of 1st period - Shot Misses the Net.
16:51 of 1st period - Icing by Kurtis Foster.
16:52 of 1st period - Ryan O'Reilly wins face-off versus Jakub Voracek in Sabres zone.
17:08 of 1st period - Icing by Nathan Beaulieu.
17:09 of 1st period - Jeff Carter wins face-off versus Brandon Sutter in Flyers zone.
17:22 of 1st period - Rob Scuderi is hit by Drew Miller and loses puck.
17:35 of 1st period - Slapshot by Jeff Carter.
17:35 of 1st period - Stopped by Robin Lehner with a rebound.
17:39 of 1st period - Wrist shot by Drew Miller.
17:39 of 1st period - Shot Misses the Net.
17:51 of 1st period - Wrist shot by Jakub Voracek.
17:51 of 1st period - Deflect By Brandon Sutter.
17:51 of 1st period - Stopped by Robin Lehner with a rebound.
17:53 of 1st period - Snap shot by Jeff Woywitka.
17:53 of 1st period - Shot Blocked by Kyle Okposo.
17:55 of 1st period - Snap shot by Jakub Voracek.
17:55 of 1st period - Shot Misses the Net.
17:57 of 1st period - Backhand shot by Nathan Beaulieu.
17:57 of 1st period - Stopped by Robin Lehner without a rebound.
17:58 of 1st period - Ryan O'Reilly wins face-off versus Kyle Wellwood in Sabres zone.
18:09 of 1st period - Wrist shot by Evander Kane.
18:09 of 1st period - Stopped by Cory Schneider without a rebound.
18:10 of 1st period - Kyle Wellwood wins face-off versus Ryan O'Reilly in Flyers zone.
18:10 of 1st period - Kyle Wellwood is hit by Zack Kassian.
18:24 of 1st period - Backhand shot by Ryan O'Reilly.
18:24 of 1st period - Shot Misses the Net.
18:38 of 1st period - Snap shot by Jared Cowen.
18:38 of 1st period - Stopped by Cory Schneider without a rebound.
18:39 of 1st period - Marcus Kruger wins face-off versus Andrei Loktionov in Flyers zone.
18:39 of 1st period - Marcus Kruger is hit by Andrei Loktionov.
18:47 of 1st period - Snap shot by Dany Heatley.
18:47 of 1st period - Shot Misses the Net.
18:49 of 1st period - Slapshot by Matt Smaby.
18:49 of 1st period - Shot Misses the Net.
18:51 of 1st period - Slapshot by Dany Heatley.
18:51 of 1st period - Shot Blocked by Rob Scuderi.
18:53 of 1st period - Snap shot by Marcus Kruger.
18:53 of 1st period - Shot Misses the Net.
18:55 of 1st period - Slapshot by Victor Bartley.
18:55 of 1st period - Stopped by Robin Lehner without a rebound.
18:56 of 1st period - Kyle Okposo wins face-off versus Jeff Carter in Sabres zone.
19:11 of 1st period - Snap shot by Brandon Sutter.
19:11 of 1st period - Deflect By Kyle Okposo.
19:11 of 1st period - Shot Misses the Net.
19:11 of 1st period - Puck is out of play.
19:12 of 1st period - Ryan O'Reilly wins face-off versus Kyle Wellwood in Flyers zone.
19:43 of 1st period - Slapshot by Jeff Carter.
19:43 of 1st period - Deflect By Jakub Voracek.
19:43 of 1st period - Shot Blocked by Zach Bogosian.
19:43 of 1st period - Puck is out of play.
19:44 of 1st period - Jeff Carter wins face-off versus Brandon Sutter in Sabres zone.
19:45 of 1st period - Wrist shot by Jakub Voracek.
19:45 of 1st period - Shot Misses the Net.
19:47 of 1st period - Wrist shot by Drew Miller.
19:47 of 1st period - Shot Blocked by Kurtis Foster.
19:49 of 1st period - Snap shot by Jeff Carter.
19:49 of 1st period - Shot Blocked by Brandon Sutter.
19:51 of 1st period - Backhand shot by Matt Smaby.
19:51 of 1st period - Stopped by Robin Lehner without a rebound.
19:52 of 1st period - Jeff Carter wins face-off versus Brandon Sutter in Sabres zone.
Goals for this period are 1 for Flyers vs 0 for Sabres.
Shots for this period are 10 for Flyers vs 3 for Sabres.
2nd period
0:01 of 2nd period - Brandon Sutter wins face-off versus Jeff Carter in neutral zone.
0:05 of 2nd period - Icing by Jeff Woywitka.
0:06 of 2nd period - Jeff Carter wins face-off versus Ilya Kovalchuk in Flyers zone.
0:06 of 2nd period - Jeff Carter is hit by Mathew Dumba.
0:18 of 2nd period - Slapshot by Jakub Voracek.
0:18 of 2nd period - Shot Misses the Net.
0:22 of 2nd period - Wrist shot by Jakub Voracek.
0:22 of 2nd period - Stopped by Robin Lehner with a rebound.
0:38 of 2nd period - Slapshot by Zack Kassian.
0:38 of 2nd period - Shot Blocked by Kyle Wellwood.
1:06 of 2nd period - Snap shot by Kyle Wellwood.
1:06 of 2nd period - Shot Misses the Net.
1:08 of 2nd period - Backhand shot by Jeff Woywitka.
1:08 of 2nd period - Shot Blocked by Jared Cowen.
1:10 of 2nd period - Snap shot by J.T. Miller.
1:10 of 2nd period - Shot Misses the Net.
1:12 of 2nd period - Slapshot by Jeff Woywitka.
1:12 of 2nd period - Stopped by Robin Lehner with a rebound.
1:35 of 2nd period - Slapshot by J.T. Miller.
1:35 of 2nd period - Shot Misses the Net.
1:37 of 2nd period - Slapshot by Mats Zuccarello.
1:37 of 2nd period - Shot Misses the Net.
1:53 of 2nd period - Wrist shot by Mats Zuccarello.
1:53 of 2nd period - Shot Blocked by Jared Cowen.
2:19 of 2nd period - Jared Cowen is hit by Mats Zuccarello and loses puck.
2:57 of 2nd period - Wrist shot by Kyle Wellwood.
2:57 of 2nd period - Deflect By Mats Zuccarello.
2:57 of 2nd period - Shot Misses the Net.
2:57 of 2nd period - Puck is out of play.
2:58 of 2nd period - Kyle Okposo wins face-off versus Jeff Carter in Sabres zone.
3:03 of 2nd period - Snap shot by Jeff Carter.
3:03 of 2nd period - Stopped by Robin Lehner without a rebound.
3:04 of 2nd period - Brandon Sutter wins face-off versus Jeff Carter in Sabres zone.
3:04 of 2nd period - Brandon Sutter is hit by Victor Bartley.
3:10 of 2nd period - Slapshot by Zach Bogosian.
3:10 of 2nd period - Stopped by Cory Schneider without a rebound.
3:11 of 2nd period - Brandon Sutter wins face-off versus Jeff Carter in Flyers zone.
3:14 of 2nd period - Wrist shot by Ilya Kovalchuk.
3:14 of 2nd period - Shot Misses the Net.
3:16 of 2nd period - Snap shot by Brandon Sutter.
3:16 of 2nd period - Stopped by Cory Schneider with a rebound.
3:18 of 2nd period - Slapshot by Zach Bogosian.
3:18 of 2nd period - Shot Misses the Net.
3:20 of 2nd period - Wrist shot by Brandon Sutter.
3:20 of 2nd period - Stopped by Cory Schneider with a rebound.
3:22 of 2nd period - Snap shot by Brandon Sutter.
3:22 of 2nd period - Stopped by Cory Schneider with a rebound.
3:24 of 2nd period - Snap shot by Brandon Sutter.
3:24 of 2nd period - Goal by Brandon Sutter - Flyers : 1 - Sabres : 1.
3:25 of 2nd period - Ryan O'Reilly wins face-off versus Jeff Carter in neutral zone.
3:27 of 2nd period - Off-side.
3:28 of 2nd period - Ryan O'Reilly wins face-off versus Jeff Carter in neutral zone.
4:08 of 2nd period - Matt Smaby is hit by Kyle Okposo and loses puck.
5:06 of 2nd period - Wrist shot by Brad Richardson.
5:06 of 2nd period - Stopped by Cory Schneider with a rebound.
5:08 of 2nd period - Wrist shot by Matt Martin.
5:08 of 2nd period - Shot Misses the Net.
5:10 of 2nd period - Slapshot by Michael Kostka.
5:10 of 2nd period - Shot Misses the Net.
5:34 of 2nd period - Slapshot by Andrei Loktionov.
5:34 of 2nd period - Shot Blocked by Victor Bartley.
5:36 of 2nd period - Slapshot by Matt Martin.
5:36 of 2nd period - Shot Blocked by Brian McGrattan.
5:58 of 2nd period - Snap shot by Matt Martin.
5:58 of 2nd period - Stopped by Cory Schneider without a rebound.
5:59 of 2nd period - Jeff Carter wins face-off versus Brandon Sutter in Flyers zone.
5:59 of 2nd period - Jeff Carter is hit by Kyle Okposo.
6:02 of 2nd period - Icing by Drew Miller.
6:03 of 2nd period - Brandon Sutter wins face-off versus Jeff Carter in Flyers zone.
6:24 of 2nd period - Minor Penalty to Ilya Kovalchuk for High sticking.
6:25 of 2nd period - Kyle Wellwood wins face-off versus Brandon Sutter in Sabres zone.
7:02 of 2nd period - Slapshot by Evander Kane.
7:02 of 2nd period - Stopped by Cory Schneider without a rebound.
7:03 of 2nd period - Vincent Lecavalier wins face-off versus Kyle Wellwood in Flyers zone.
7:08 of 2nd period - Slapshot by Evander Kane.
7:08 of 2nd period - Shot Misses the Net.
7:14 of 2nd period - Zach Bogosian is hit by Matt Smaby.
8:24 of 2nd period - Penalty to Ilya Kovalchuk is over, Ilya Kovalchuk is back on ice.
8:53 of 2nd period - Jonathan Ericsson is hit by Mathew Dumba and loses puck.
10:00 of 2nd period - Snap shot by Brian McGrattan.
10:00 of 2nd period - Deflect By Cody Eakin.
10:00 of 2nd period - Shot Blocked by Zach Bogosian.
10:00 of 2nd period - Puck is out of play.
10:01 of 2nd period - Vincent Lecavalier wins face-off versus Cody Eakin in Sabres zone.
10:23 of 2nd period - Icing by Mathew Dumba.
10:24 of 2nd period - Jakub Voracek wins face-off versus Vincent Lecavalier in Sabres zone.
10:28 of 2nd period - Minor Penalty to Darcy Hordichuk for Interference.
10:29 of 2nd period - Brandon Sutter wins face-off versus Jakub Voracek in Sabres zone.
11:18 of 2nd period - Slapshot by Vincent Lecavalier.
11:18 of 2nd period - Stopped by Cory Schneider with a rebound.
12:28 of 2nd period - Penalty to Darcy Hordichuk is over, Darcy Hordichuk is back on ice.
12:31 of 2nd period - Icing by Jaromir Jagr.
12:32 of 2nd period - Marcus Kruger wins face-off versus Zack Kassian in Flyers zone.
12:32 of 2nd period - Marcus Kruger is hit by Zack Kassian.
12:51 of 2nd period - Rob Scuderi is hit by Jonathan Ericsson and loses puck.
13:10 of 2nd period - Slapshot by Marcus Kruger.
13:10 of 2nd period - Stopped by Robin Lehner with a rebound.
13:12 of 2nd period - Snap shot by Marcus Kruger.
13:12 of 2nd period - Goal by Marcus Kruger - Flyers : 2 - Sabres : 1.
13:13 of 2nd period - Brandon Sutter wins face-off versus Drew Miller in neutral zone.
13:16 of 2nd period - Slapshot by Zach Bogosian.
13:16 of 2nd period - Shot Blocked by Jeff Carter.
13:18 of 2nd period - Snap shot by Zach Bogosian.
13:18 of 2nd period - Deflect By Jonathan Ericsson.
13:18 of 2nd period - Stopped by Cory Schneider without a rebound.
13:19 of 2nd period - Brandon Sutter wins face-off versus Jeff Carter in Flyers zone.
13:20 of 2nd period - Snap shot by Ilya Kovalchuk.
13:20 of 2nd period - Stopped by Cory Schneider with a rebound.
13:24 of 2nd period - Snap shot by Ilya Kovalchuk.
13:24 of 2nd period - Stopped by Cory Schneider with a rebound.
13:26 of 2nd period - Slapshot by Rob Scuderi.
13:26 of 2nd period - Shot Blocked by Jeff Carter.
13:28 of 2nd period - Snap shot by Ilya Kovalchuk.
13:28 of 2nd period - Stopped by Cory Schneider without a rebound.
13:29 of 2nd period - Brandon Sutter wins face-off versus Jeff Carter in Flyers zone.
13:38 of 2nd period - Slapshot by Ilya Kovalchuk.
13:38 of 2nd period - Shot Misses the Net.
13:46 of 2nd period - Slapshot by Jonathan Ericsson.
13:46 of 2nd period - Deflect By Jeff Carter.
13:46 of 2nd period - Shot Misses the Net.
13:46 of 2nd period - Puck is out of play.
13:47 of 2nd period - Kyle Wellwood wins face-off versus Ryan O'Reilly in Sabres zone.
14:14 of 2nd period - Rob Scuderi is hit by Dany Heatley.
14:55 of 2nd period - Wrist shot by Zack Kassian.
14:55 of 2nd period - Stopped by Cory Schneider with a rebound.
15:02 of 2nd period - Icing by Chris Mcallister.
15:03 of 2nd period - Cody Eakin wins face-off versus Brandon Sutter in Flyers zone.
15:03 of 2nd period - Cody Eakin is hit by Brandon Sutter.
15:09 of 2nd period - Snap shot by Brian McGrattan.
15:09 of 2nd period - Stopped by Robin Lehner with a rebound.
15:29 of 2nd period - Snap shot by Brad Richardson.
15:29 of 2nd period - Stopped by Cory Schneider with a rebound.
15:58 of 2nd period - Slapshot by Mats Zuccarello.
15:58 of 2nd period - Goal by Mats Zuccarello - Flyers : 3 - Sabres : 1.
15:59 of 2nd period - Jeff Carter wins face-off versus Brandon Sutter in neutral zone.
16:08 of 2nd period - Wrist shot by Jakub Voracek.
16:08 of 2nd period - Stopped by Robin Lehner without a rebound.
16:09 of 2nd period - Jeff Carter wins face-off versus Brandon Sutter in Sabres zone.
16:13 of 2nd period - Icing by Zach Bogosian.
16:14 of 2nd period - Jeff Carter wins face-off versus Brandon Sutter in Sabres zone.
16:38 of 2nd period - Minor Penalty to Jakub Voracek for Kneeing.
16:39 of 2nd period - Andrei Loktionov wins face-off versus Jeff Carter in Flyers zone.
16:47 of 2nd period - Snap shot by Andrei Loktionov.
16:47 of 2nd period - Shot Misses the Net.
18:02 of 2nd period - Mathew Dumba is hit by Jeff Woywitka and loses puck.
18:33 of 2nd period - Icing by Michael Kostka.
18:34 of 2nd period - Cody Eakin wins face-off versus Andrei Loktionov in Sabres zone.
18:38 of 2nd period - Penalty to Jakub Voracek is over, Jakub Voracek is back on ice.
19:12 of 2nd period - Off-side.
19:13 of 2nd period - Kyle Wellwood wins face-off versus Andrei Loktionov in neutral zone.
19:38 of 2nd period - Slapshot by Ryan O'Reilly.
19:38 of 2nd period - Stopped by Cory Schneider without a rebound.
19:39 of 2nd period - Jeff Carter wins face-off versus Brandon Sutter in Flyers zone.
Goals for this period are 2 for Flyers vs 1 for Sabres.
Shots for this period are 8 for Flyers vs 16 for Sabres.
3rd period
0:01 of 3rd period - Brandon Sutter wins face-off versus Jeff Carter in neutral zone.
0:55 of 3rd period - Slapshot by Kurtis Foster.
0:55 of 3rd period - Stopped by Cory Schneider without a rebound.
0:56 of 3rd period - Jeff Carter wins face-off versus Brandon Sutter in Flyers zone.
0:56 of 3rd period - Jeff Carter is hit by Kyle Okposo.
1:06 of 3rd period - Wrist shot by Kyle Okposo.
1:06 of 3rd period - Stopped by Cory Schneider without a rebound.
1:07 of 3rd period - Jeff Carter wins face-off versus Brandon Sutter in Flyers zone.
2:10 of 3rd period - Wrist shot by Ilya Kovalchuk.
2:10 of 3rd period - Stopped by Cory Schneider with a rebound.
2:26 of 3rd period - Wrist shot by Marcus Kruger.
2:26 of 3rd period - Deflect By Dany Heatley.
2:26 of 3rd period - Shot Blocked by Ilya Kovalchuk.
2:26 of 3rd period - Puck is out of play.
2:27 of 3rd period - Ryan O'Reilly wins face-off versus Jeff Carter in Sabres zone.
2:32 of 3rd period - Slapshot by Rob Scuderi.
2:32 of 3rd period - Deflect By Zack Kassian.
2:32 of 3rd period - Stopped by Cory Schneider without a rebound.
2:33 of 3rd period - Ryan O'Reilly wins face-off versus Jeff Carter in Flyers zone.
2:36 of 3rd period - Wrist shot by Ryan O'Reilly.
2:36 of 3rd period - Stopped by Cory Schneider with a rebound.
2:38 of 3rd period - Slapshot by Rob Scuderi.
2:38 of 3rd period - Stopped by Cory Schneider with a rebound.
2:40 of 3rd period - Backhand shot by Zack Kassian.
2:40 of 3rd period - Goal by Zack Kassian - Flyers : 3 - Sabres : 2.
2:41 of 3rd period - Jeff Carter wins face-off versus Ryan O'Reilly in neutral zone.
3:07 of 3rd period - Jeff Woywitka is hit by Matt Martin and loses puck.
3:18 of 3rd period - Off-side.
3:19 of 3rd period - Brandon Sutter wins face-off versus Jeff Carter in neutral zone.
4:01 of 3rd period - Ryan O'Reilly is hit by J.T. Miller and loses puck.
4:34 of 3rd period - Jeff Woywitka is hit by Darren Reid and loses puck.
4:51 of 3rd period - Snap shot by Darcy Hordichuk.
4:51 of 3rd period - Deflect By Brandon Sutter.
4:51 of 3rd period - Shot Blocked by Nathan Beaulieu.
4:51 of 3rd period - Puck is out of play.
4:52 of 3rd period - Brandon Sutter wins face-off versus Jakub Voracek in Flyers zone.
4:53 of 3rd period - Snap shot by Ilya Kovalchuk.
4:53 of 3rd period - Stopped by Cory Schneider with a rebound.
5:09 of 3rd period - Snap shot by Jeff Carter.
5:09 of 3rd period - Stopped by Robin Lehner without a rebound.
5:10 of 3rd period - J.T. Miller wins face-off versus Ryan O'Reilly in Sabres zone.
5:43 of 3rd period - Wrist shot by Jeff Carter.
5:43 of 3rd period - Shot Blocked by Zach Bogosian.
5:49 of 3rd period - Wrist shot by Jeff Carter.
5:49 of 3rd period - Shot Misses the Net.
5:51 of 3rd period - Slapshot by Oliver Ekman-Larsson.
5:51 of 3rd period - Shot Misses the Net.
5:53 of 3rd period - Slapshot by Oliver Ekman-Larsson.
5:53 of 3rd period - Shot Blocked by Rob Scuderi.
6:00 of 3rd period - Icing by Zach Bogosian.
6:01 of 3rd period - Brandon Sutter wins face-off versus Marcus Kruger in Sabres zone.
6:10 of 3rd period - Wrist shot by Evander Kane.
6:10 of 3rd period - Stopped by Cory Schneider with a rebound.
6:37 of 3rd period - Backhand shot by Zach Bogosian.
6:37 of 3rd period - Shot Misses the Net.
6:39 of 3rd period - Snap shot by Brad Richardson.
6:39 of 3rd period - Stopped by Cory Schneider with a rebound.
6:48 of 3rd period - Off-side.
6:49 of 3rd period - Kyle Wellwood wins face-off versus Vincent Lecavalier in neutral zone.
6:54 of 3rd period - Snap shot by J.T. Miller.
6:54 of 3rd period - Stopped by Robin Lehner without a rebound.
6:55 of 3rd period - Jeff Carter wins face-off versus Brandon Sutter in Sabres zone.
7:03 of 3rd period - Minor Penalty to Kurtis Foster for Holding.
7:04 of 3rd period - Jeff Carter wins face-off versus Brandon Sutter in Sabres zone.
7:18 of 3rd period - Snap shot by Drew Miller.
7:18 of 3rd period - Goal by Drew Miller - Flyers : 4 - Sabres : 2.
7:19 of 3rd period - Brandon Sutter wins face-off versus Jeff Carter in neutral zone.
7:56 of 3rd period - Wrist shot by Evander Kane.
7:56 of 3rd period - Shot Misses the Net.
8:12 of 3rd period - Jeff Woywitka is hit by Brad Richardson and loses puck.
9:01 of 3rd period - Jakub Voracek is hit by Mathew Dumba and loses puck.
9:23 of 3rd period - Slapshot by Jakub Voracek.
9:23 of 3rd period - Stopped by Robin Lehner with a rebound.
9:25 of 3rd period - Wrist shot by Drew Miller.
9:25 of 3rd period - Shot Blocked by Zach Bogosian.
9:31 of 3rd period - Wrist shot by Drew Miller.
9:31 of 3rd period - Stopped by Robin Lehner with a rebound.
9:33 of 3rd period - Slapshot by Victor Bartley.
9:33 of 3rd period - Stopped by Robin Lehner with a rebound.
9:35 of 3rd period - Slapshot by Jakub Voracek.
9:35 of 3rd period - Stopped by Robin Lehner with a rebound.
9:37 of 3rd period - Slapshot by Victor Bartley.
9:37 of 3rd period - Stopped by Robin Lehner with a rebound.
9:39 of 3rd period - Wrist shot by Matt Smaby.
9:39 of 3rd period - Shot Misses the Net.
9:43 of 3rd period - Snap shot by Jeff Carter.
9:43 of 3rd period - Shot Misses the Net.
9:45 of 3rd period - Backhand shot by Jakub Voracek.
9:45 of 3rd period - Stopped by Robin Lehner without a rebound.
9:46 of 3rd period - Kyle Wellwood wins face-off versus Brandon Sutter in Sabres zone.
9:56 of 3rd period - Wrist shot by Kyle Wellwood.
9:56 of 3rd period - Shot Misses the Net.
9:58 of 3rd period - Slapshot by Oliver Ekman-Larsson.
9:58 of 3rd period - Deflect By Kurtis Foster.
9:58 of 3rd period - Stopped by Robin Lehner with a rebound.
10:00 of 3rd period - Slapshot by Jonathan Ericsson.
10:00 of 3rd period - Stopped by Robin Lehner without a rebound.
10:01 of 3rd period - Ilya Kovalchuk wins face-off versus Kyle Wellwood in Sabres zone.
10:33 of 3rd period - Wrist shot by Marcus Kruger.
10:33 of 3rd period - Stopped by Robin Lehner without a rebound.
10:34 of 3rd period - Marcus Kruger wins face-off versus Ryan O'Reilly in Sabres zone.
10:37 of 3rd period - Wrist shot by Dany Heatley.
10:37 of 3rd period - Stopped by Robin Lehner without a rebound.
10:38 of 3rd period - Jeff Carter wins face-off versus Ryan O'Reilly in Sabres zone.
10:39 of 3rd period - Backhand shot by Drew Miller.
10:39 of 3rd period - Shot Misses the Net.
11:05 of 3rd period - Ilya Kovalchuk is hit by J.T. Miller and loses puck.
12:29 of 3rd period - Off-side.
12:30 of 3rd period - Jeff Carter wins face-off versus Brandon Sutter in neutral zone.
12:35 of 3rd period - Slapshot by Jonathan Ericsson.
12:35 of 3rd period - Stopped by Robin Lehner without a rebound.
12:36 of 3rd period - Drew Miller wins face-off versus Brandon Sutter in Sabres zone.
12:37 of 3rd period - Slapshot by Jeff Carter.
12:37 of 3rd period - Shot Misses the Net.
13:09 of 3rd period - Oliver Ekman-Larsson is hit by Zack Kassian and loses puck.
13:26 of 3rd period - Snap shot by Chris Mcallister.
13:26 of 3rd period - Stopped by Robin Lehner without a rebound.
13:27 of 3rd period - Cody Eakin wins face-off versus Andrei Loktionov in Sabres zone.
13:42 of 3rd period - Slapshot by Andrei Loktionov.
13:42 of 3rd period - Shot Blocked by Matt Smaby.
13:52 of 3rd period - Victor Bartley is hit by Kyle Okposo and loses puck.
14:19 of 3rd period - Slapshot by Zack Kassian.
14:19 of 3rd period - Stopped by Cory Schneider with a rebound.
14:25 of 3rd period - Snap shot by Zack Kassian.
14:25 of 3rd period - Stopped by Cory Schneider without a rebound.
14:26 of 3rd period - Ryan O'Reilly wins face-off versus Jeff Carter in Flyers zone.
14:30 of 3rd period - Minor Penalty to Drew Miller for Holding Stick.
14:31 of 3rd period - Ryan O'Reilly wins face-off versus Kyle Wellwood in Flyers zone.
14:31 of 3rd period - Snap shot by Zack Kassian.
14:31 of 3rd period - Stopped by Cory Schneider without a rebound.
14:32 of 3rd period - J.T. Miller wins face-off versus Ryan O'Reilly in Flyers zone.
14:32 of 3rd period - J.T. Miller is hit by Mathew Dumba.
16:30 of 3rd period - Penalty to Drew Miller is over, Drew Miller is back on ice.
16:48 of 3rd period - Snap shot by Darren Reid.
16:48 of 3rd period - Shot Misses the Net.
16:50 of 3rd period - Snap shot by Brandon Sutter.
16:50 of 3rd period - Shot Misses the Net.
18:22 of 3rd period - Icing by Chris Mcallister.
18:23 of 3rd period - Andrei Loktionov wins face-off versus Cody Eakin in Flyers zone.
18:34 of 3rd period - Nathan Beaulieu is hit by Ilya Kovalchuk and loses puck.
18:59 of 3rd period - Nathan Beaulieu is hit by Ilya Kovalchuk and loses puck.
Goals for this period are 1 for Flyers vs 1 for Sabres.
Shots for this period are 15 for Flyers vs 13 for Sabres.
Back to the Top